 Dungeon Crawl Stone Soup version 0.18-a0-1655-ge2d8d33 (webtiles) character file.

119 Sargon the Sneak (level 4, 0/22 HPs)
             Began as a Spriggan Assassin on Mar 30, 2016.
             Succumbed to an adder's poison
             ... on level 4 of the Dungeon.
             The game lasted 00:06:16 (3532 turns).

Sargon the Sneak (Spriggan Assassin)                Turns: 3532, Time: 00:06:17

Health: 0/22       AC:  3    Str:  7    XL:     4   Next: 73%
Magic:  5/5        EV: 17    Int: 12    God:
Gold:   188        SH:  3    Dex: 18    Spells: 0 memorised, 3 levels left

rFire  . . .     SeeInvis +     a - +2 dagger
rCold  . . .     Gourm    .     c - +0 robe
rNeg   . . .     Faith    .     (shield restricted)
rPois  .         Spirit   .     (helmet restricted)
rElec  .         Dismiss  .     d - +0 cloak
rCorr  .         Reflect  +     (gloves unavailable)
SustAt +         Harm     .     (boots unavailable)
MR     .....                    j - +3 amulet of reflection
Stlth  ++++......               k - ring of sustain attributes
                                (no ring)

@: lethally poisoned (0 -> -8), very quick, not resistant to hostile
enchantments, stealthy
A: unfitting armour, see invisible, herbivore 3, speed 3, slow metabolism 2
a: no special abilities


You were on level 4 of the Dungeon.
You were not hungry.

You visited 1 branch of the dungeon, and saw 4 of its levels.

You collected 188 gold pieces.

Inventory:

Hand Weapons
 a - a +2 dagger (weapon)
 b - a +0 blowgun
Missiles
 e - 38 poisoned needles
 f - 2 curare-tipped needles
Armour
 c - a +0 robe (worn)
 d - a +0 cloak (worn)
Jewellery
 j - a +3 amulet of reflection (around neck)
 k - a ring of sustain attributes (right hand)
Wands
 m - a wand of polymorph (8/24)
Scrolls
 i - 5 scrolls of identify
 l - 3 scrolls of enchant armour {unknown}
 n - a scroll of blinking {unknown}
 o - a scroll of amnesia {unknown}
 p - 2 scrolls of remove curse {unknown}
 r - a scroll of enchant weapon {unknown}
 s - a scroll of teleportation {unknown}
 v - a scroll of magic mapping
Potions
 t - a potion of heal wounds
 w - a potion of curing {unknown}
Comestibles
 g - 2 bread rations
 h - a slice of pizza
 q - a royal jelly


   Skills:
 - Level 1.5 Fighting
 + Level 5.5 Short Blades
 - Level 2.0 Throwing
 - Level 1.5 Dodging
 - Level 5.8 Stealth


You had 3 spell levels left.
You didn't know any spells.

Dungeon Overview and Level Annotations

Branches:
Dungeon (4/15)
 Temple: D:4-7

Altars:
Kikubaaqudgha
Makhleb
Yredelemnul


Innate Abilities, Weirdness & Mutations

You are tiny and cannot use many weapons and most armour.
You have supernaturally acute eyesight.
You are a herbivore.
You cover ground extremely quickly.
You need consume almost no food.


Message History

You are more poisoned.
The adder poisons you!
* * * LOW HITPOINT WARNING * * *
You feel sick.
* * * LOW HITPOINT WARNING * * *
You feel sick.
* * * LOW HITPOINT WARNING * * *
You feel sick.
* * * LOW HITPOINT WARNING * * *
You feel sick.
There is a basalt altar of Yredelemnul here.
You hit the adder but do no damage.
The adder is severely wounded.
* * * LOW HITPOINT WARNING * * *
You feel sick. The adder misses you.
You barely miss the adder.
The adder is severely wounded.
You completely miss the adder.
The adder is severely wounded.
You die...

..............#####
.............########
.....#......#........
##..........#........
#..........##........
##....._.....†........ ##
#.........#.##........
#$.######._..8....#.##........
#............@................
#............S....<###........
#............_....## #........
#..............##.# #########
#.........#######.#
#...#....## #.# #......### #.#
#...... #.# #.##..# ...


You could see an adder.

Vanquished Creatures
  A hound (D:4)
  A hound skeleton (D:3)
  2 adders
  2 worms
  A dart slug (D:2)
  3 giant geckos
  2 orcs (D:3)
  2 giant cockroaches
  7 goblins
  4 hobgoblins
  5 kobolds
  2 quokkas
  A ball python (D:1)
  5 bats
  3 giant newts
  6 rats
47 creatures vanquished.

Notes
Turn   | Place    | Note
--------------------------------------------------------------
     0 | D:1      | Sargon the Spriggan Assassin began the quest for the Orb.
     0 | D:1      | Reached XP level 1. HP: 10/10 MP: 2/2
   436 | D:1      | Reached XP level 2. HP: 8/14 MP: 3/3
  1531 | D:2      | Reached XP level 3. HP: 5/18 MP: 4/4
  2938 | D:3      | Reached XP level 4. HP: 15/22 MP: 5/5
  3052 | D:3      | Reached skill level 5 in Short Blades
  3354 | D:4      | Found a burning altar of Makhleb.
  3359 | D:4      | Found a basalt altar of Yredelemnul.
  3367 | D:4      | Found an ancient bone altar of Kikubaaqudgha.
  3530 | D:4      | HP: 1/22 [poisoned by an adder]
  3532 | D:4      | Succumbed to an adder's poison

Vault maps used:
D:1:      dpeg_arrival_tiny_i
D:3:      serial_park_tiny_1, kennysheep_crisscross, corexii_hall_statues_l
D:4:      grunt_temple_overflow_open, serial_shops,
          nicolae_shop_temple_entry_statues_fountains, roderic_serpentine_path,
          columned_hall_lemuel

Skill      XL: |  1  2  3  4 |
---------------+-------------+-----
Short Blades   | 3 4 5 |  5.5
Fighting       | |  1.5
Throwing       | |  2.0
Dodging        | |  1.5
Stealth        | |  5.8

Action                   |  1- 3 |  4- 6 || total
-------------------------+-------+-------++-------
Melee: Dagger            |   162 |    46 ||   208
  Use: Potion            |     1 |       ||     1
       Scroll            |     3 |       ||     3
 Stab: Sleeping          |    12 |     2 ||    14
       Distracted        |     1 |       ||     1
